 Dungeon Crawl Stone Soup version 0.30-a0-1016-gfb0d676c02 (webtiles) character file.

Game seed: 2972518089912155615

571015 GloriousHammer the Wrestler (level 25, -9/314 (332) HPs)
             Began as a Troll Fighter on Apr 4, 2023.
             Was a High Priest of Wu Jian.
             Constricted to death by a tentacled monstrosity (10 damage)
             ... on level 3 of the Realm of Zot on Apr 6, 2023.
             The game lasted 04:27:03 (72830 turns).

GloriousHammer the Wrestler (Troll Fighter)        Turns: 72830, Time: 04:27:04

HP:   -9/314 (332)  AC: 35    Str: 29 (30) XL:     25   Next: 64%
MP:   2/32          EV:  7    Int: 21 (22) God:    Wu Jian [*****.]
Gold: 6563          SH: 31    Dex:  8      Spells: 24/37 levels left

rFire   + . .      SeeInvis +      - Unarmed
rCold   + . .      Faith    .    b - +8 tower shield {rC+}
rNeg    + . .      Spirit   .    r - melded +2 robe {Will+}
rPois   ∞          Reflect  +    p - +2 hat
rElec   +          Rampage  .    g - +2 cloak {rCorr}
rCorr   +                        (gloves unavailable)
Will    +++..                    (boots unavailable)
Stlth   ++                       Y - amulet of reflection
HPRegen 1.52/turn                f - ring "Mydoh" {rElec Will+ Int+6 Stlth+}
MPRegen 0.23/turn                N - ring "Qawal" {Fire Will+}

@: mighty, about to teleport, statue-form, slowed, constricted, studying Short
Blades, drained, serpent's lash, very slow
A: slow and powerful, torment resistance 1, boosted hp, large, unfitting armour,
claws 3, regeneration 1, (shaggy fur 1), (tough skin 1), hooves 1, see
invisible, clever 1, cold resistance 1, inability to drink after injury 1
}: 3/15 runes: decaying, slimy, gossamer
a: End Transformation, Renounce Religion, Wall Jump, Serpent's Lash, Heavenly
Storm


You were on level 3 of the Realm of Zot.
You worshipped Wu Jian.
Wu Jian was extremely pleased with you.
You were a living statue of rough stone.
You visited 12 branches of the dungeon, and saw 55 of its levels.
You visited the Abyss 1 time.
You visited 1 bazaar.
You also visited: Ossuary, Gauntlet, Ice Cave and Desolation.

You collected 10867 gold pieces.
You spent 4304 gold pieces at shops.

Inventory:

Hand Weapons
 x - the +8 Vampire's Tooth {megavamp}
   (You found it on level 3 of the Crypt)
Missiles
 l - 4 atropa-tipped darts
 t - 111 large rocks (quivered)
 y - 5 throwing nets
 O - 43 curare-tipped darts
 Q - 9 silver javelins
Armour
 b - a +8 tower shield of cold resistance (worn)
 g - a +2 cloak of preservation (worn)
 p - a +2 hat (worn)
 r - a +2 robe of willpower (melded)
 E - a scarf of resistance
Magical Staves
 a - a staff of earth
Jewellery
 e - a +5 ring of evasion
 f - the ring "Mydoh" (left claw) {rElec Will+ Int+6 Stlth+}
   (You found it in a Gauntlet)

   [ring of intelligence]

   Int:       It affects your intelligence (+6).
   rElec:     It insulates you from electricity.
   Will:      It increases your willpower.
   Stlth:     It makes you more stealthy.
 n - a ring of positive energy
 C - the ring of Uret Xuixot {rElec rC+ Dex+3}
   (You took it off a deep elf elementalist on level 3 of the Elven Halls)

   [ring of protection from cold]

   Dex:       It affects your dexterity (+3).
   rC:        It protects you from cold.
   rElec:     It insulates you from electricity.
 F - a ring of protection from fire
 M - a +6 ring of intelligence
 N - the ring "Qawal" (right claw) {Fire Will+}
   (You found it in an ice cave)

   [ring of fire]

   It enhances your fire magic.
   rF:        It protects you from fire.
   rC:        It makes you vulnerable to cold.
   Will:      It increases your willpower.
 Y - an amulet of reflection (around neck)
Wands
 o - a wand of light (43)
 B - a wand of mindburst (62)
 D - a wand of iceblast (21)
 R - a wand of digging (12)
 Z - a wand of polymorph (28)
Scrolls
 d - 8 scrolls of fear
 j - 17 scrolls of teleportation
 q - 15 scrolls of fog
 s - 3 scrolls of blinking
 u - 5 scrolls of magic mapping
 w - 3 scrolls of silence
 H - 2 scrolls of butterflies
 L - 4 scrolls of torment
 T - 10 scrolls of immolation
 U - 10 scrolls of vulnerability
Potions
 c - 8 potions of might
 h - 15 potions of curing
 k - 4 potions of heal wounds
 m - 7 potions of haste
 v - a potion of mutation
 z - 6 potions of berserk rage
 A - 13 potions of attraction
 G - 7 potions of invisibility
 J - 5 potions of magic
 K - 4 potions of cancellation
 P - 10 potions of brilliance
 V - 2 potions of resistance
 X - 16 potions of flight
Miscellaneous
 i - a condenser vane
 I - a phial of floods
 S - a phantom mirror
 W - a lightning rod (4/4)


   Skills:
 + Level 16.2 Fighting
 - Level 7.4 Throwing
 - Level 6.1 Armour
 - Level 9.9 Dodging
 - Level 16.6 Shields
 * Level 23.8 Unarmed Combat
 - Level 6.7 Spellcasting
 - Level 5.5 Translocations
 + Level 14.7 Transmutations
 + Level 19.2 Earth Magic
 - Level 5.5 Evocations


You had 24 spell levels left.
You knew the following spells:

 Your Spells              Type           Power      Damage    Failure   Level
a - Passwall              Tmut/Erth      56%        N/A       1%          2
b - Statue Form           Tmut/Erth      45%        N/A       3%          6
c - Blink                 Tloc           60%        N/A       3%          2
d - Vhi's Electric Charg  Tloc/Air       36%        N/A       21%         3

Your spell library contained the following spells:

 Spells                   Type           Power      Damage    Failure   Level
 Sandblast                Erth           100%       2d20      0%          1
 Sting                    Tmut/Pois      100%       1d8       1%          1
 Stone Arrow              Conj/Erth      94%        3d12      1%          3
 Petrify                  Tmut/Erth      68%        N/A       1%          4
 Blade Hands              Tmut           31%        N/A       1%          5
 Lee's Rapid Deconstruct  Erth           36%        3d18*     1%          5
 Lesser Beckoning         Tloc           60%        N/A       3%          2
 Spider Form              Tmut/Pois      38%        N/A       3%          3
 Animate Armour           Summ/Erth      94%        N/A       4%          4
 Leda's Liquefaction      Hex/Erth       23%        N/A       4%          4
 Gell's Gravitas          Tloc           30%        N/A       7%          3
 Teleport Other           Tloc           30%        N/A       7%          3
 Momentum Strike          Conj/Tloc      36%        3d9       11%         2
 Ice Form                 Ice/Tmut       38%        N/A       11%         4
 Portal Projectile        Hex/Tloc       36%        N/A       21%         3
 Freeze                   Ice            28%        1d5       22%         1
 Manifold Assault         Tloc           30%        N/A       22%         4
 Passage of Golubria      Tloc           30%        N/A       22%         4
 Irradiate                Conj/Tmut      19%        3d18      28%         5
 Yara's Violent Unravell  Hex/Tmut       19%        3d9       28%         5
 Ensorcelled Hibernation  Hex/Ice        14%        N/A       32%         2
 Poisonous Vapours        Pois/Air       14%        N/A       32%         2
 Scorch                   Fire           20%        2d6       32%         2
 Static Discharge         Conj/Air       14%        2-3/arc   32%         2
 Dragon Form              Tmut           31%        N/A       38%         7
 Call Canine Familiar     Summ           7%         N/A       54%         3
 Dazzling Flash           Conj/Hex       14%        N/A       54%         3
 Frozen Ramparts          Ice            14%        1d3       54%         3
 Hailstorm                Conj/Ice       7%         3d4       54%         3
 Inner Flame              Hex/Fire       10%        N/A       54%         3
 Mephitic Cloud           Conj/Pois/Air  7%         N/A       54%         3
 Ozocubu's Armour         Ice            7%         N/A       54%         3
 Summon Guardian Golem    Hex/Summ       7%         N/A       54%         3
 Swiftness                Air            7%         N/A       54%         3
 Tukima's Dance           Hex            7%         N/A       54%         3
 Iron Shot                Conj/Erth      23%        9d5       54%         6
 Iskenderun's Mystic Bla  Conj/Tloc      18%        2d6       56%         4
 Summon Forest            Summ/Tloc      9%         N/A       88%         5
 Airstrike                Air            3%         2d(1-17)  91%         4
 Anguish                  Hex/Necr       3%         N/A       91%         4
 Cause Fear               Hex            3%         N/A       91%         4
 Flame Wave               Conj/Fire      10%        2d6       91%         4
 Fulminant Prism          Conj/Hex       3%         3d5       91%         4
 Olgreb's Toxic Radiance  Pois           7%         N/A       91%         4
 Summon Ice Beast         Ice/Summ       7%         N/A       91%         4
 Summon Lightning Spire   Summ/Air       7%         N/A       91%         4
 Dispersal                Tloc           15%        N/A       98%         6
 Agony                    Necr           7%         N/A       99%         5
 Arcjolt                  Conj/Air       3%         1d13      99%         5
 Fireball                 Conj/Fire      5%         3d5       99%         5
 Freezing Cloud           Conj/Ice/Air   3%         6-21      99%         5
 Iskenderun's Battlesphe  Conj           7%         2d6       99%         5
 Silence                  Hex/Air        3%         N/A       99%         5
 Summon Mana Viper        Hex/Summ       7%         N/A       99%         5
 Conjure Ball Lightning   Conj/Air       3%         3x3d6     100%        6
 Plasma Beam              Fire/Air       5%         2x1d17    100%        6
 Starburst                Conj/Fire      5%         6d4       100%        6
 Summon Cactus Giant      Summ           3%         N/A       100%        6
 Orb of Destruction       Conj           3%         9d5       100%        7
 Ozocubu's Refrigeration  Ice            3%         4d8       100%        7
 Spellforged Servitor     Conj/Summ      3%         N/A       100%        7
 Storm Form               Tmut/Air       19%        N/A       100%        7
 Discord                  Hex            3%         N/A       100%        8
 Disjunction              Tloc           15%        N/A       100%        8
 Ignition                 Fire           5%         3d4       100%        8
 Maxwell's Capacitive Co  Air            3%         ∞         100%        8
 Chain Lightning          Conj/Air       3%         3d4       100%        9
 Fire Storm               Conj/Fire      5%         8d1       100%        9
 Shatter                  Erth           36%        3d29*     100%        9


Dungeon Overview and Level Annotations

Branches:
Dungeon (15/15)            Temple (1/1) D:5            Lair (5/5) D:10
  Swamp (4/4) Lair:3       Spider (4/4) Lair:3        Slime (5/5) Lair:5
    Orc (2/2) D:10            Elf (3/3) Orc:2        Vaults (4/5) D:13
  Crypt (3/3) Vaults:2       Tomb (0/3) Crypt:3      Depths (4/4) D:15
    Zot (5/5) Depths:4    Ossuary (visited)           IceCv (visited)
Desolation (visited)      Gauntlet (visited)

Altars:
Ashenzari
Cheibriados
Dithmenos
Elyvilon
Fedhas
Gozag
Hepliaklqana
Kikubaaqudgha
Makhleb
Nemelex Xobeh
Okawaru
Qazlal
Ru
Sif Muna
Trog
Uskayaw
Vehumet
Wu Jian
Xom
Yredelemnul
Zin
The Shining One
Jiyva

Shops:
D:6 (   D:9 *   D:10 *=   D:13 *   Orc:1 (   Orc:2 (**[=   Elf:1 (?   Elf:3 (
Vaults:2 *   Vaults:4 ?   Depths:1 *[   Depths:2 *

Portals:
Hell: Depths:1 Depths:2 Depths:3 Depths:4
Abyss: Depths:2 Depths:3
Pandemonium: Orc:2 Depths:2
Ziggurat: Depths:2

Annotations:
Lair:5 exclusion: 3 doors
Swamp:2 exclusion: downstairs
Swamp:3 exclusion: downstairs
Spider:1 exclusion: downstairs
Orc:1 spider cage, exclusion: downstairs
Vaults:2 exclusion: downstairs
Vaults:3 exclusion: downstairs
Crypt:1 exclusion: downstairs
Zot:3 1 transporter, exclusions: downstairs and orange crystal statue
Zot:5 6 transporters, 1 exclusion


Innate Abilities, Weirdness & Mutations

You are a living statue of rough stone.
Your actions are slow, but your melee attacks are powerful.
You are resistant to unholy torment.
Your maximum health is greatly increased.
You are immune to poison.
Your equipment is partially melded.
You are too large for most types of armour.
You have claws for hands.
Your natural rate of healing is unusually fast.
((You are covered in fur. (AC +1)))
((You have tough skin. (AC +1)))
You have large cloven feet.
You have supernaturally acute eyesight. (SInv)
Your mind is acute. (Int +4, Str/Dex -1)
Your flesh is cold resistant. (rC+)
You occasionally lose the ability to drink potions when taking damage.


Message History

The death cob hits you! The death cob drains your vigour!
You feel yourself slow down. You block the shadow dragon's attack.
The shadow dragon claws you but does no damage.
You block the shadow dragon's attack.
You spin and attack the death cob repeatedly.
You mangle the death cob!! Your kick misses the death cob.
The death cob is moderately damaged.
You eviscerate the death cob!!! Your kick misses the death cob.
The death cob is almost destroyed.
You feel less exhausted.
You feel stable enough to blink again.
The death cob hits you but does no damage.
You block the death cob's attack. The death cob barely misses you.
The death cob hits you! You block the death cob's attack.
The orange crystal statue fixes its piercing gaze on you.
You feel your power leaking away. You block the death cob's attack.
The shadow dragon bites you!
The shadow dragon claws you but does no damage.
The shadow dragon barely misses you. The ghost moth stares at you.
You feel your power leaking away. The death cob hits you!
The death cob drains your vigour!
You feel as though you will be slow longer.
You block the shadow dragon's attack. The shadow dragon barely misses you.
The shadow dragon claws you.
You see here the +0 pair of boots of Sif Muna's Wrath {rN+ Str+4 Int-3}.
As you read the scroll of teleportation, it crumbles to dust.
You feel strangely unstable.
You feel the Orb delaying your translocation!
The shadow dragon is no longer berserk.
The death cob hits you but does no damage.
You block the death cob's attack. x3
The tentacled monstrosity closely misses you.
The tentacled monstrosity tentacle-slaps you but does no damage. x2
The tentacled monstrosity closely misses you.
You block the ghost moth's attack. The ghost moth closely misses you. x2
The death cob hits you!
* * * LOW HITPOINT WARNING * * *
The death cob drains your vigour!
You feel as though you will be slow longer.
The death cob barely misses you.
The tentacled monstrosity tentacle-slaps you!!
* * * LOW HITPOINT WARNING * * *
The tentacled monstrosity misses you.
The tentacled monstrosity tentacle-slaps you.
* * * LOW HITPOINT WARNING * * *
The tentacled monstrosity grabs you.
The tentacled monstrosity constricts you.
The shadow dragon bites you but does no damage.
You block the shadow dragon's attack. x2; You block the ghost moth's attack.
The ghost moth hits you but does no damage.
The ghost moth barely misses you.
The death cob hits you but does no damage.
The death cob closely misses you.
The tentacled monstrosity tentacle-slaps you but does no damage.
The tentacled monstrosity tentacle-slaps you!
* * * LOW HITPOINT WARNING * * *
The tentacled monstrosity tentacle-slaps you but does no damage.
The tentacled monstrosity constricts you.
* * * LOW HITPOINT WARNING * * *
The shadow dragon breathes negative energy at you.
The bolt of negative energy hits the tentacled monstrosity.
The tentacled monstrosity completely resists.
The bolt of negative energy hits you. You partially resist.
You feel drained.
* * * LOW HITPOINT WARNING * * *
The ghost moth hits you.
* * * LOW HITPOINT WARNING * * *
The ghost moth hits you but does no damage.
The ghost moth stings you but does no damage.
The death cob hits you but does no damage. x2
The tentacled monstrosity tentacle-slaps you but does no damage.
The tentacled monstrosity tentacle-slaps you!
* * * LOW HITPOINT WARNING * * *
The tentacled monstrosity tentacle-slaps you but does no damage.
The tentacled monstrosity constricts you.
* * * LOW HITPOINT WARNING * * *
Your muscles tense, ready for explosive movement...
The tentacled monstrosity's grasp on you weakens, but your attempt to escape fails.
The tentacled monstrosity is no longer berserk.
The death cob hits you but does no damage.
You block the death cob's attack. x4; The death cob barely misses you.
The tentacled monstrosity tentacle-slaps you but does no damage.
The tentacled monstrosity closely misses you.
The tentacled monstrosity tentacle-slaps you but does no damage.
The tentacled monstrosity constricts you!
* * * LOW HITPOINT WARNING * * *
The storm dragon bites you but does no damage.
The storm dragon claws you.
* * * LOW HITPOINT WARNING * * *
The storm dragon tramples you but does no damage.
The ghost moth hits you but does no damage.
The ghost moth closely misses you. x2
The death cob hits you but does no damage. x2
The tentacled monstrosity tentacle-slaps you!
* * * LOW HITPOINT WARNING * * *
The tentacled monstrosity tentacle-slaps you!
* * * LOW HITPOINT WARNING * * *
The tentacled monstrosity tentacle-slaps you but does no damage.
The tentacled monstrosity constricts you!
You die...

........#....##........### #...
##.##.#.####.####################
##.##.#.......................#
##.##........#...........####.#
##.....####....#########..# #.#
##............##.......##.# #.#
###.##.####.#.#8d.°.°..8#.# #.#
###.#.........#zyz......#.###.#
.......####...#:8XD...†.#..##.#
..##..## #..©#DDD.8.©..#©...[#
......# ##..#}"..?....#.!#..#
......# ##.#$$.......#.###'###
###.#.#### #.#8.......8#.......#
#......####.##.......##.......#
#####.....^....#########.).......
.....<.......#...........####'#.#
#####........###############.....


You could see 2 shadow dragons, a tentacled monstrosity (slow), a golden dragon
(summoned), a storm dragon (berserk), a green draconian (summoned), 2 death
cobs, a ghost moth (invisible, poisoned) and an orange crystal statue.

Vanquished Creatures
  the Royal Jelly (Slime:5)
  A juggernaut (Depths:1)
  An orb of fire (Zot:1)
  2 Killer Klowns
  Bai Suzhen (Vaults:4)
  2 curse toes
  4 golden dragons
  Nikola (Spider:1)
  Arachne (Spider:3)
  An electric golem (Zot:5)
  3 hellephants
  4 tentacled monstrosities
  Jorgrun (Swamp:2)
  Zenata (Crypt:2)
  3 liches
  Mlioglotl (Spider:2)
  Asterion (Depths:2)
  Grunn (Zot:1)
  3 quicksilver dragons
  A titan (Depths:1)
  5 deep elf master archers
  23 acid blobs
  2 deep elf blademasters (Elf:3)
  Frances (Swamp:1)
  9 death cobs
  2 thorn hunters
  3 ancient champions
  Gastronok (Lair:1)
  3 tengu reavers
  6 sphinxes
  3 shadow dragons
  Donald (Swamp:1)
  Roxanne (Spider:4)
  5 draconian monks
  5 storm dragons
  18 rockslimes
  4 revenants
  Agnes (Elf:1)
  18 azure jellies
  2 draconian knights (Zot:1)
  8 frost giants
  8 ghost moths
  14 vault wardens
  12 emperor scorpions
  3 deep elf sorcerers
  4 curse skulls
  A balrug (Gauntlet)
  4 draconian scorchers
  6 fire giants
  A spectral juggernaut (Crypt:3)
  Aizul (Elf:1)
  3 draconian stormcallers
  3 deep elf elementalists (Elf:3)
  A juggernaut zombie (Depths:3)
  5 draconian shifters
  A caustic shrike zombie (Crypt:2)
  2 war gargoyles (Vaults:1)
  2 orc warlords (Vaults:4)
  4 ghouls
  3 reapers
  6 quicksilver oozes
  4 broodmothers
  8 ironbound thunderhulks
  7 black draconians
  18 stone giants
  12 very ugly things
  17 ironbound preservers
  4 deep elf demonologists (Elf:3)
  4 eleionomae
  7 draconian annihilators
  10 green draconians
  4 bunyips
  6 vampire knights
  3 white draconians
  5 deep elf annihilators
  7 dire elephants
  A minotaur (Gauntlet)
  4 purple draconians
  11 yellow draconians
  13 red draconians
  5 spark wasps
  3 blizzard demons
  10 deep elf death magi
  Josephine (Lair:5)
  8 eidola
  3 ragged hierophants (Desolation)
  5 jiangshi
  2 shambling mangroves (Swamp:4)
  11 ettins
  6 fire dragons
  2 deep elf high priests
  9 yaktaur captains
  8 ice dragons
  8 entropy weavers
  5 rakshasas
  Erolcha (D:10)
  A caustic shrike simulacrum (IceCv)
  4 servants of whispers (Desolation)
  A spectral spriggan (Crypt:3)
  3 peacekeepers
  9 vault guards
  9 great orbs of eyes
  The ghost of jtron the Fighter, a novice OgMo of Vehumet (D:10)
  16 hydras
  4 spriggan air magi
  The ghost of lessens the Thaumaturge, a journeyman DjFE of Makhleb (D:11)
  2 jorogumos
  4 death knights
  A bennu zombie (Crypt:1)
  3 demonspawn (Orc:2)
  8 ironbound frosthearts
  7 boulder beetles
  A catoblepas (D:14)
  11 two-headed ogres
  6 deep troll earth magi
  2 ghost crabs (Swamp:3)
  26 dancing weapons
  16 centaur warriors
  3 ogre magi
  13 alligators
  4 radroaches
  5 deep troll shamans
  5 death yaks
  3 vampire magi
  5 tengu warriors
  Urug (Orc:2)
  The ghost of EonDragon20 the Transmogrifier, a novice MfTm of Sif Muna (D:8)
  7 hell hogs (Depths:2)
  5 orc high priests (Orc:2)
  8 hell knights
  7 spriggan berserkers
  13 deep elf knights
  2 soul eaters (Crypt:1)
  6 iron trolls
  A sixfirhy (Orc:1)
  Amaemon (Lair:1)
  36 skeletal warriors
  3 skysharks
  A death drake (Gauntlet)
  14 shadow wraiths (Crypt:3)
  4 pharaoh ants
  A sun moth (Spider:2)
  2 goliath frogs
  6 spriggan druids
  8 flayed ghosts
  73 deep trolls
  12 deep elf archers
  10 spriggan simulacra
  5 bog bodies
  17 orb spiders
  2 sphinx zombies
  9 wizards
  4 glowing orange brains
  12 swamp dragons
  9 lindwurms
  2 obsidian statues
  A tengu zombie (Vaults:1)
  9 orc knights
  7 steelbarb worms
  30 deep elf zephyrmancers
  26 phantasmal warriors
  A golden dragon skeleton (Depths:3)
  9 harpies
  18 ironbound convokers
  35 wolf spiders
  7 necromancers
  25 deep elf pyromancers
  7 orc sorcerers
  A faun (Orc:2)
  A tengu skeleton (Vaults:2)
  4 oklob plants (Lair:5)
  3 will-o-the-wisps
  4 manticores
  14 moths of wrath
  6 shining eyes
  41 ugly things
  3 spectral centaurs (Gauntlet)
  9 elephants
  6 cyclopes
  A sphinx skeleton (Depths:3)
  An iron dragon skeleton (Crypt:2)
  A guardian serpent (Desolation)
  An orange demon (Lair:1)
  8 demonic crawlers
  An eye of devastation (Slime:1)
  3 gargoyles (D:13)
  An emperor scorpion simulacrum (Crypt:1)
  25 vault sentinels
  5 torpor snails
  An alligator snapping turtle zombie (Crypt:2)
  7 cane toads
  A black draconian zombie (Crypt:2)
  2 minotaur zombies (Gauntlet)
  An unseen horror (D:11)
  A yaktaur (shapeshifter) (D:15)
  A yaktaur zombie (Vaults:1)
  A rime drake (Lair:1)
  2 anaconda simulacra (IceCv)
  9 komodo dragons
  3 tengu conjurers
  2 golden dragon simulacra (IceCv)
  9 ice devils
  35 yaktaurs
  2 kobold demonologists
  A spectral harpy (Crypt:3)
  An efreet (D:15)
  14 freezing wraiths
  5 trolls
  3 meliai (Spider:4)
  2 bloated husks
  A hellwing (Orc:2)
  6 polar bears
  35 tarantellas
  8 tyrant leeches
  Prince Ribbit (D:8)
  14 hornets
  2 fire dragon zombies (Crypt:1)
  12 saltlings (Desolation)
  A deep troll zombie (Vaults:2)
  11 blink frogs
  6 dream sheep
  A hydra skeleton (Crypt:3)
  An ettin zombie (Vaults:1)
  A meliai zombie (Gauntlet)
  25 culicivoras
  107 slime creatures
  A vampire (D:11)
  10 spriggans
  19 wraiths
  57 jumping spiders
  5 water elementals
  An air elemental (Elf:3)
  Sigmund (D:3)
  9 shadows
  A black mamba skeleton (Crypt:3)
  9 flying skulls (Crypt:3)
  4 wyverns
  41 yaks
  2 dire elephant simulacra (IceCv)
  4 golden eyes
  6 fire elementals
  61 redbacks
  6 minotaur simulacra (IceCv)
  A glowing shapeshifter zombie (Vaults:2)
  7 vampire mosquitoes
  2 steam dragons
  2 harpy simulacra (IceCv)
  15 swamp worms
  2 wargs
  An acid dragon (D:11)
  12 water moccasins
  A hell hound (Gauntlet)
  A hydra simulacrum (IceCv)
  A fire bat skeleton (Crypt:2)
  2 glowing shapeshifter skeletons
  3 black bears
  12 swamp drakes (Swamp:4)
  26 orc warriors
  A sky beast (D:7)
  A human zombie (Vaults:4)
  An alligator simulacrum (IceCv)
  13 ogres
  10 wolves (Lair:3)
  8 boggarts
  23 centaurs
  2 human skeletons
  A hog skeleton (Crypt:3)
  2 phantoms
  A draconian zombie (Crypt:1)
  2 elf zombies (D:7)
  6 bullfrogs
  4 necrophages
  A draconian skeleton (Crypt:3)
  A gnoll sergeant (D:9)
  7 scorpions
  13 kobold brigands
  9 deep troll simulacra
  An ogre simulacrum (Vaults:2)
  3 earth elementals
  10 wights
  A cyclops zombie (Crypt:3)
  A yak zombie (Crypt:1)
  A water moccasin skeleton (D:5)
  A shapeshifter zombie (Crypt:1)
  A killer bee (D:9)
  3 electric eels
  4 howler monkeys
  A troll skeleton (Crypt:3)
  A crimson imp (D:7)
  3 bullfrog zombies (D:5)
  3 centaur zombies
  4 hounds
  4 jellies
  2 bullfrog skeletons (D:5)
  37 orc priests
  Crazy Yiuf (D:3)
  A basilisk zombie (Crypt:3)
  A centaur skeleton (D:5)
  A black bear skeleton (Crypt:3)
  2 iguanas
  A boggart zombie (Crypt:1)
  A scorpion zombie (D:5)
  18 orc wizards
  5 hell rats (Lair:4)
  A killer bee zombie (D:5)
  A deep dwarf zombie (Crypt:1)
  2 hound skeletons (D:5)
  5 mummies (Ossuary)
  Robin (D:3)
  A howler monkey skeleton (D:5)
  7 gnolls
  5 adders
  4 white imps
  An ufetubus (D:5)
  An iguana skeleton (Crypt:3)
  3 worms
  4 dart slugs
  61 orcs
  6 ball pythons
  3 bats
  A bat skeleton (Crypt:2)
  8 endoplasms
  5 giant cockroaches
  15 goblins
  7 hobgoblins
  10 jackals
  23 kobolds
  2 quokkas
  2 frilled lizards
  2 goblin zombies (Ossuary)
  2 kobold zombies
  An orc skeleton (D:7)
  6 orc zombies
  A quokka skeleton (Crypt:3)
  4 rats
  A pillar of salt (Elf:1)
2315 creatures vanquished.

Vanquished Creatures (collateral kills)
  An azure jelly (Slime:3)
1 creature vanquished.

Vanquished Creatures (others)
  A bone dragon (Depths:4)
  An Ice Fiend (Zot:1)
  A deep elf blademaster (Elf:2)
  A death cob (Zot:1)
  A fire giant (Depths:1)
  A deep elf sorcerer (Elf:3)
  2 vault wardens (Vaults:4)
  A draconian stormcaller (Depths:4)
  A deep elf elementalist (Elf:3)
  An ironbound preserver (Vaults:1)
  A dire elephant (Vaults:2)
  A purple draconian (Zot:1)
  A red draconian (Zot:3)
  An ice dragon (Depths:4)
  A ragged hierophant (Desolation)
  An alligator (Swamp:4)
  A spriggan berserker (Depths:2)
  A deep troll (Depths:2)
  A swamp dragon (Swamp:4)
  A glowing orange brain (Depths:2)
  A wizard (Vaults:4)
  A deep elf zephyrmancer (Elf:2)
  A deep elf pyromancer (Elf:1)
  A moth of wrath (Zot:2)
  A guardian serpent (Desolation)
  A kobold demonologist (D:11)
  A tengu conjurer (Depths:2)
  2 bloated husks
  6 saltlings (Desolation)
  A jumping spider (Spider:2)
  3 culicivoras
  A vampire mosquito (Swamp:1)
  A minotaur simulacrum (IceCv)
  3 redbacks
  A water moccasin (Lair:5)
  A kobold brigand (D:11)
  22 demonic plants (Gauntlet)
  7 foxfires
  16 fungi
  45 plants
  7 withered plants (Lair:5)
144 creatures vanquished.

Grand Total: 2460 creatures vanquished

Notes
Turn   | Place    | Note
-------+----------+-------------------------------------------
     0 | D:1      | GloriousHammer the Troll Fighter began the quest for the
                  | Orb.
     0 | D:1      | Reached XP level 1. HP: 22/22 MP: 0/0
   218 | D:1      | Reached XP level 2. HP: 29/29 MP: 1/1
   433 | D:1      | Reached XP level 3. HP: 36/36 MP: 2/2
   573 | D:1      | Found a faded altar of an unknown god.
   858 | D:2      | Found a shimmering altar of Xom.
  1027 | D:2      | Reached skill level 3 in Unarmed Combat
  1466 | D:3      | Noticed Sigmund
  1489 | D:3      | Killed Sigmund
  1490 | D:3      | Reached skill level 4 in Unarmed Combat
  1490 | D:3      | Reached XP level 4. HP: 17/45 MP: 3/3
  1490 | D:3      | Reached XP level 5. HP: 20/53 MP: 4/4
  1948 | D:3      | Noticed Robin
  1964 | D:3      | Killed Robin
  2495 | D:3      | Found a runed translucent door.
  2496 | D:3      | Noticed Crazy Yiuf
  2507 | D:3      | Killed Crazy Yiuf
  2508 | D:3      | Reached XP level 6. HP: 37/61 MP: 5/5
  2801 | D:4      | Reached skill level 5 in Unarmed Combat
  2900 | D:4      | Reached XP level 7. HP: 68/68 MP: 6/6
  3027 | D:4      | Found a sacrificial altar of Ru.
  3424 | D:5      | Entered Level 5 of the Dungeon
  3459 | D:4      | Identified a scroll of acquirement
  3460 | D:4      | Acquired 1221 gold pieces
  3476 | D:5      | Found a snail-covered altar of Cheibriados.
  3565 | D:5      | Reached skill level 6 in Unarmed Combat
  3812 | D:5      | Reached skill level 5 in Shields
  3817 | D:5      | Found a staircase to the Ecumenical Temple.
  3897 | Temple   | Entered the Ecumenical Temple
  4200 | Temple   | Became a worshipper of the Wu Jian Council
  4233 | D:5      | Reached XP level 8. HP: 76/79 MP: 7/7
  4360 | D:5      | Found a basalt altar of Yredelemnul.
  4360 | D:5      | Found an iron altar of Okawaru.
  4361 | D:5      | Found a radiant altar of Vehumet.
  4371 | D:5      | Found a hazy altar of Hepliaklqana.
  4372 | D:5      | Found a sparkling altar of Nemelex Xobeh.
  4409 | D:5      | Reached skill level 7 in Unarmed Combat
  4782 | D:6      | Reached skill level 5 in Fighting
  4863 | D:6      | Reached skill level 8 in Unarmed Combat
  4887 | D:6      | Reached * piety under Wu Jian
  5044 | D:6      | Found Nienozy's Weapon Emporium.
  5055 | D:6      | Bought 6 curare-tipped darts for 93 gold pieces
  5123 | D:6      | Reached XP level 9. HP: 80/88 MP: 8/8
  5338 | D:7      | Reached skill level 9 in Unarmed Combat
  5413 | D:7      | Found a sand-covered staircase.
  5418 | Ossuary  | Entered an ossuary
  5486 | Ossuary  | Reached ** piety under Wu Jian
  5998 | D:7      | Found a shimmering altar of Xom.
  5999 | D:7      | Found a burning altar of Makhleb.
  6511 | D:8      | Reached skill level 10 in Unarmed Combat
  6724 | D:8      | Noticed Prince Ribbit
  6747 | D:8      | Killed Prince Ribbit
  6890 | D:8      | Found a runed translucent gate.
  6890 | D:8      | Found a runed translucent gate.
  6891 | D:8      | Found a runed translucent gate.
  7143 | D:8      | Noticed EonDragon20's ghost (novice MfTm)
  7205 | D:9      | Reached *** piety under Wu Jian
  7237 | D:9      | Found Hixo's Gadget Gallery.
  7242 | D:9      | Bought a condenser vane for 560 gold pieces
  7242 | D:9      | Bought a wand of charming (3) for 100 gold pieces
  7290 | D:9      | Reached XP level 10. HP: 95/100 MP: 9/9
  7462 | D:9      | Noticed a two-headed ogre
  7474 | D:9      | Killed a two-headed ogre
  7890 | D:9      | Reached skill level 11 in Unarmed Combat
  8045 | D:9      | Noticed a two-headed ogre
  8054 | D:9      | Killed a two-headed ogre
  8214 | D:9      | Noticed a two-headed ogre
  8223 | D:9      | Killed a two-headed ogre
  8288 | D:10     | Entered Level 10 of the Dungeon
  8290 | D:10     | Found a staircase to the Orcish Mines.
  8357 | D:10     | Noticed Erolcha
  8378 | D:10     | Reached XP level 11. HP: 75/109 MP: 10/10
  8382 | D:10     | Killed Erolcha
  8383 | D:10     | Reached skill level 12 in Unarmed Combat
  8701 | D:10     | Found Cojoumir's Changing Room.
  8819 | D:10     | Reached **** piety under Wu Jian
  8853 | D:10     | Found Nyun's Jewellery Shop.
  8857 | D:10     | Bought an amulet of reflection for 390 gold pieces
  8879 | D:10     | Found a runed translucent gate.
  8880 | D:10     | Found a runed translucent gate.
  8881 | D:10     | Found a runed translucent gate.
  8895 | D:10     | Noticed jtron's ghost (novice OgMo)
  8972 | D:10     | Found a staircase to the Lair.
  9128 | D:10     | Found a viscous altar of Jiyva.
  9173 | Lair:1   | Entered Level 1 of the Lair of Beasts
  9271 | Lair:1   | Noticed Amaemon
  9286 | Lair:1   | Killed Amaemon
  9488 | Lair:1   | Noticed Gastronok
  9580 | Lair:1   | Killed Gastronok
  9581 | Lair:1   | Reached skill level 13 in Unarmed Combat
 10065 | Lair:2   | Reached skill level 5 in Dodging
 10212 | Lair:2   | Reached XP level 12. HP: 122/122 MP: 11/11
 10859 | Lair:3   | Noticed a death yak
 10882 | Lair:3   | Killed a death yak
 10983 | Lair:3   | Found a staircase to the Swamp.
 11064 | Lair:3   | Reached skill level 14 in Unarmed Combat
 11260 | Lair:3   | Found a hole to the Spider Nest.
 11365 | Lair:3   | Reached ***** piety under Wu Jian
 11446 | Lair:3   | Found a shimmering altar of Xom.
 11617 | Lair:3   | Noticed a four-headed hydra
 11623 | Lair:3   | Killed a seven-headed hydra
 11624 | Lair:3   | Reached skill level 10 in Shields
 11649 | Lair:3   | Noticed a death yak
 11649 | Lair:3   | Noticed a death yak
 11650 | Lair:3   | Noticed a death yak
 11662 | Lair:3   | Killed a death yak
 11671 | Lair:3   | Killed a death yak
 11678 | Lair:3   | Killed a death yak
 11986 | Lair:4   | You fall into a shaft and drop 1 floor!
 11986 | Lair:5   | Entered Level 5 of the Lair of Beasts
 11986 | Lair:5   | Noticed Josephine
 12005 | Lair:5   | Killed Josephine
 12014 | Lair:5   | Reached XP level 13. HP: 63/126 MP: 12/12
 12093 | Lair:5   | Reached skill level 15 in Unarmed Combat
 13325 | Lair:5   | Identified the +9 flail of Experimentation {speed, Int+4}
 13913 | Lair:5   | Found a viscous altar of Jiyva.
 13958 | Lair:5   | Noticed a dire elephant
 13958 | Lair:5   | Noticed a dire elephant
 14040 | Lair:5   | Found a staircase to the Slime Pits.
 14049 | Lair:5   | Reached skill level 10 in Fighting
 14088 | Lair:5   | Acquired 1297 gold pieces
 14264 | D:10     | Killed jtron's ghost
 14269 | D:10     | Reached skill level 16 in Unarmed Combat
 14543 | D:8      | Killed EonDragon20's ghost
 14550 | D:8      | Identified the +8 longbow "Quivigac" {speed, Int+4}
 14933 | Orc:1    | Entered Level 1 of the Orcish Mines
 14972 | Orc:1    | Reached ****** piety under Wu Jian
 15094 | Orc:1    | Found Hodugies's Weapon Emporium.
 15145 | Orc:1    | Bought 2 curare-tipped darts for 36 gold pieces
 15552 | Orc:2    | Entered Level 2 of the Orcish Mines
 16249 | Orc:2    | Found Maedwul's Weapon Shoppe.
 16302 | Orc:2    | Reached XP level 14. HP: 144/144 MP: 13/13
 16586 | Orc:2    | Noticed Sonja
 16594 | Orc:2    | Sonja changed into Sonja the faun
 16594 | Orc:2    | Noticed Sonja
 16736 | Orc:2    | Killed Sonja the faun
 16852 | Orc:2    | Found a staircase to the Elven Halls.
 16906 | Orc:2    | Noticed Urug
 16909 | Orc:2    | Found Xuxug's General Store.
 16910 | Orc:2    | Found Juvizam's General Store.
 16928 | Orc:2    | Killed Urug
 16972 | Orc:2    | Paralysed by an orc sorcerer for 3 turns
 17257 | Orc:2    | Bought a potion of invisibility for 120 gold pieces
 17259 | Orc:2    | Bought a potion of flight for 45 gold pieces
 17259 | Orc:2    | Bought a potion of might for 60 gold pieces
 17259 | Orc:2    | Bought a potion of heal wounds for 75 gold pieces
 17395 | Orc:2    | Found Araexz Sarorr's Antique Armour Emporium.
 17395 | Orc:2    | Found Cyxeol's Jewellery Shoppe.
 17396 | Orc:2    | Found a one-way gate leading to the halls of Pandemonium.
 17401 | Orc:2    | Reached skill level 17 in Unarmed Combat
 17407 | Orc:2    | Bought a silken robe for 171 gold pieces
 17407 | Orc:2    | Identified the +1 robe "Peec" {rElec rF+ rN+ Str-5} (You
                  | bought it in a shop on level 2 of the Orcish Mines)
 18203 | D:11     | Found a runed translucent gate.
 18203 | D:11     | Found a runed translucent gate.
 18204 | D:11     | Found a runed translucent gate.
 18204 | D:11     | Noticed lessens's ghost (journeyman DjFE)
 18519 | D:11     | Reached skill level 1 in Armour
 18662 | D:11     | Killed lessens's ghost
 18995 | D:12     | Found a gate leading to a gauntlet.
 19008 | Gauntlet | Entered a Gauntlet
 19008 | Gauntlet | Noticed a balrug
 19008 | Gauntlet | Found a transporter.
 19008 | Gauntlet | Found a transporter.
 19008 | Gauntlet | Found a transporter.
 19009 | Gauntlet | Found a transporter.
 19013 | Gauntlet | Found a transporter.
 19024 | Gauntlet | Found a transporter.
 19039 | Gauntlet | Found a transporter.
 19044 | Gauntlet | Found a transporter.
 19061 | Gauntlet | Found a transporter.
 19069 | Gauntlet | Found a transporter.
 19087 | Gauntlet | Found a transporter.
 19144 | Gauntlet | Found a transporter.
 19293 | Gauntlet | Killed a balrug
 19406 | Gauntlet | Identified the ring "Mydoh" {rElec Will+ Int+6 Stlth+}
 19454 | Gauntlet | Got Muvamo's Vellum of the Snowflakes and Soot
 19976 | D:13     | Reached XP level 15. HP: 151/156 MP: 14/14
 20293 | D:13     | Learned a level 2 spell: Passwall
 20461 | D:13     | Found Honoire's General Store.
 20503 | D:13     | Bought a scroll of identify for 24 gold pieces
 20617 | D:13     | Paralysed by an orc sorcerer for 5 turns
 20691 | D:13     | Found a gate to the Vaults.
 21123 | D:14     | Reached skill level 18 in Unarmed Combat
 21377 | D:14     | You fall into a shaft and drop 1 floor!
 21377 | D:15     | Entered Level 15 of the Dungeon
 21397 | D:15     | Found a frozen archway.
 21397 | D:15     | Noticed an azure jelly
 21411 | D:15     | Killed an azure jelly
 21419 | IceCv    | Entered an ice cave
 22663 | IceCv    | Identified the ring "Qawal" {Fire Will+}
 23118 | D:15     | Reached XP level 16. HP: 138/170 MP: 15/15
 23322 | D:15     | Found an iron altar of Okawaru.
 23896 | D:14     | Reached skill level 19 in Unarmed Combat
 24003 | D:14     | Identified the +6 glaive "Cookie Cutter" {freeze, rElec}
 24347 | D:15     | Found a staircase to the Depths.
 25103 | Swamp:1  | Entered Level 1 of the Swamp
 25407 | Swamp:1  | Noticed Donald
 25418 | Swamp:1  | Killed Donald
 25419 | Swamp:1  | Reached skill level 20 in Unarmed Combat
 25446 | Swamp:1  | Noticed Frances
 25457 | Swamp:1  | Killed Frances
 25517 | Swamp:1  | Acquired the +10 shadow dragon scales of Gisoedd {rF+
                  | Stlth++++}
 25532 | Swamp:1  | Acquired 1100 gold pieces
 25919 | Swamp:2  | Noticed Jorgrun
 25922 | Swamp:2  | Killed Jorgrun
 26058 | Swamp:2  | Found a sacrificial altar of Ru.
 26874 | Swamp:3  | Reached skill level 21 in Unarmed Combat
 26910 | Swamp:3  | Reached skill level 1 in Throwing
 26993 | Swamp:3  | Noticed a thorn hunter
 27001 | Swamp:3  | Killed a thorn hunter
 27011 | Swamp:3  | Reached XP level 17. HP: 158/178 MP: 16/16
 27270 | Swamp:4  | Entered Level 4 of the Swamp
 27556 | Swamp:4  | Reached skill level 1 in Evocations
 28784 | Swamp:4  | Reached skill level 5 in Throwing
 28911 | Swamp:4  | Got a decaying rune of Zot
 29051 | Spider:1 | Entered Level 1 of the Spider Nest
 29147 | Spider:1 | Noticed Nikola
 29159 | Spider:1 | Killed Nikola
 29172 | Spider:1 | Reached skill level 1 in Earth Magic
 29429 | Lair:3   | Reached skill level 1 in Transmutations
 29681 | Spider:1 | Reached skill level 1 in Spellcasting
 31356 | Spider:2 | Reached XP level 18. HP: 186/186 MP: 19/19
 31428 | Spider:2 | Reached skill level 5 in Armour
 31551 | Spider:2 | Noticed Mlioglotl
 31560 | Spider:2 | Killed Mlioglotl
 33175 | Spider:3 | Noticed Arachne
 33194 | Spider:3 | Killed Arachne
 33233 | Spider:3 | Reached skill level 5 in Evocations
 33861 | Spider:3 | Identified the +2 scimitar "Mofuehicve" {vamp, rElec rC+
                  | rCorr SInv}
 34011 | Spider:3 | Identified the +0 falchion "Siwk" {flame, rC+}
 34434 | Spider:4 | Entered Level 4 of the Spider Nest
 34787 | Spider:4 | Identified Roxanne's Papyrus of the Ground
 34787 | Spider:4 | Noticed Roxanne
 34831 | Spider:4 | Killed Roxanne
 34841 | Spider:4 | Learned a level 6 spell: Statue Form
 34977 | Spider:4 | Reached skill level 5 in Earth Magic
 35727 | Spider:4 | Reached skill level 5 in Transmutations
 35727 | Spider:4 | Reached XP level 19. HP: 69/198 MP: 1/24
 35915 | Spider:4 | Got a gossamer rune of Zot
 35943 | Spider:4 | Identified the +2 hat of Biogouh {rPois Will- Regen+ Int+3}
 36614 | Elf:1    | Entered Level 1 of the Elven Halls
 36644 | Elf:1    | Noticed Aizul
 36657 | Elf:1    | Killed Aizul
 36682 | Elf:1    | Found Guir's Magic Scroll Boutique.
 36757 | Elf:1    | Got the Compilation of the Entrancing Deep Freeze
 36781 | Elf:1    | Noticed Agnes
 36783 | Elf:1    | Killed Agnes
 36788 | Elf:1    | Found a crumbling gateway.
 36796 | Elf:1    | Upgraded the game from 0.30-a0-996-ga6910c8ee8 to
                  | 0.30-a0-1008-g30c9307041
 36806 | Desolati | Entered the Desolation of Salt
 37456 | Elf:1    | Found Rixzeq's Weapon Emporium.
 37468 | Elf:1    | You fall into a shaft and drop 1 floor!
 37471 | Elf:2    | Found a runed translucent gate.
 37471 | Elf:2    | Found a runed translucent gate.
 37471 | Elf:2    | Found a runed translucent gate.
 37498 | Elf:2    | Reached skill level 5 in Spellcasting
 38636 | Elf:1    | Bought a scroll of magic mapping for 150 gold pieces
 39454 | Abyss:2  | Cast into level 2 of the Abyss (+2 halberd of distortion)
 39464 | Elf:1    | Escaped the Abyss
 39937 | Elf:3    | Entered Level 3 of the Elven Halls
 40134 | Elf:3    | Found Azenoin's Weapon Shop.
 40151 | Elf:3    | Bought 6 curare-tipped darts for 100 gold pieces
 40458 | Elf:3    | Reached XP level 20. HP: 138/208 MP: 28/28
 40975 | Elf:3    | Identified the +7 war axe of the Bouncing Hosts {heavy,
                  | *Rage rCorr Int+3}
 40975 | Elf:3    | Identified the ring of Icianum {rElec rC+ EV+5 Int+5
                  | Slay-2}
 41402 | Elf:3    | Got the Quarto of Distorted Transmogrification
 41693 | Elf:3    | Identified the ring of Uret Xuixot {rElec rC+ Dex+3}
 41819 | Elf:3    | Identified the +0 chain mail "Honukhoeno" {Rampage +Inv
                  | rCorr Str-4}
 41934 | Elf:3    | Identified the +5 falchion "Umost" {elec, Fly rPois Str+4
                  | Int-2 Dex+2}
 41949 | Elf:3    | Identified the staff of cold "Kezasod" {rC+ Int+3}
 42133 | Elf:1    | Learned a level 2 spell: Blink
 42137 | Elf:1    | Learned a level 3 spell: Vhi's Electric Charge
 42304 | Vaults:1 | Entered Level 1 of the Vaults
 42450 | Vaults:1 | Reached skill level 10 in Earth Magic
 43846 | Vaults:2 | Found Sedyo's Assorted Antiques.
 43847 | Vaults:2 | Reached skill level 10 in Transmutations
 43968 | Vaults:2 | Reached XP level 21. HP: 215/215 MP: 30/30
 44329 | Vaults:2 | Bought a potion of heal wounds for 155 gold pieces
 44329 | Vaults:2 | Bought a potion of invisibility for 248 gold pieces
 45705 | Vaults:2 | Found a staircase to the Crypt.
 45705 | Vaults:2 | Found a basalt altar of Yredelemnul.
 45705 | Vaults:2 | Found an ancient bone altar of Kikubaaqudgha.
 48608 | Vaults:4 | Identified the staff of fire "Neulap" {rElec rF+ rC+ Will+}
 49414 | Vaults:4 | Reached XP level 22. HP: 207/224 MP: 31/31
 49505 | Vaults:4 | Found Lokos's Magic Scroll Shop.
 49513 | Vaults:4 | Bought a scroll of fog for 56 gold pieces
 50078 | Vaults:4 | Noticed Bai Suzhen
 50084 | Vaults:4 | Killed Bai Suzhen
 50247 | Vaults:4 | Reached skill level 15 in Earth Magic
 51788 | Depths:1 | Entered Level 1 of the Depths
 52011 | Depths:1 | Found a broken altar of Ashenzari.
 52042 | Depths:1 | Found Qyazozou's Assorted Antiques.
 52051 | Depths:1 | Bought a scroll of teleportation for 126 gold pieces
 52309 | Depths:1 | Noticed a juggernaut
 52385 | Depths:1 | Found Gixzeska's Antique Armour Shop.
 52609 | Depths:1 | Killed a juggernaut
 52832 | Depths:1 | Found a gateway to Hell.
 53205 | Depths:2 | Found a one-way gate to the infinite horrors of the Abyss.
 53249 | Depths:2 | Found a flickering gateway to a bazaar.
 53278 | Bazaar   | Entered a bazaar
 53350 | Bazaar   | Found Bema's General Store.
 53358 | Bazaar   | Found Naadear's General Store.
 53599 | Bazaar   | Found Vehy's Distillery.
 53606 | Bazaar   | Found Hofig's Jewellery Shop.
 53610 | Bazaar   | Bought a ring of protection from fire for 275 gold pieces
 53624 | Bazaar   | Bought a potion of might for 52 gold pieces
 53624 | Bazaar   | Bought a potion of heal wounds for 65 gold pieces
 53624 | Bazaar   | Bought a potion of heal wounds for 65 gold pieces
 53624 | Bazaar   | Bought a potion of berserk rage for 65 gold pieces
 53624 | Bazaar   | Bought a potion of heal wounds for 65 gold pieces
 53624 | Bazaar   | Bought a potion of mutation for 104 gold pieces
 53651 | Bazaar   | Bought a scroll of magic mapping for 97 gold pieces
 53651 | Bazaar   | Bought a scroll of blinking for 97 gold pieces
 54061 | Depths:2 | Identified the +6 ring mail of Nupnin Kiso {rPois Str-4
                  | SInv Stlth+}
 54894 | Orc:2    | Bought the ring "Naapilux" {rC+ rCorr Str+2} for 534 gold
                  | pieces
 56656 | Depths:2 | Found a shimmering blue altar of Sif Muna.
 56837 | Depths:2 | Identified the +11 flail of Wisdom {antimagic, rF- Str+5}
 57033 | Depths:2 | Found Jigy's General Store.
 57263 | Depths:2 | Bought a scroll of fog for 56 gold pieces
 57263 | Depths:2 | Bought a scroll of fear for 56 gold pieces
 57263 | Depths:2 | Bought a scroll of butterflies for 56 gold pieces
 57282 | Depths:2 | Found a one-way gateway to a ziggurat.
 57306 | Depths:2 | Noticed Asterion
 57310 | Depths:2 | Killed Asterion
 58025 | Depths:3 | Noticed a golden dragon
 58031 | Depths:3 | Reached XP level 23. HP: 232/232 MP: 22/32
 58040 | Depths:3 | Reached skill level 1 in Translocations
 58882 | Depths:3 | You fall into a shaft and drop 1 floor!
 58882 | Depths:4 | Entered Level 4 of the Depths
 59891 | Depths:4 | Reached skill level 15 in Fighting
 60275 | Depths:4 | Found a gate to the Realm of Zot.
 60702 | Crypt:1  | Entered Level 1 of the Crypt
 60736 | Crypt:1  | Found an ancient bone altar of Kikubaaqudgha.
 61306 | Crypt:2  | Noticed Zenata
 61518 | Crypt:2  | Identified the +2 great sword of the Shrike {elec, Str+3}
 61556 | Crypt:2  | Killed Zenata
 62187 | Crypt:3  | Entered Level 3 of the Crypt
 62205 | Crypt:3  | Reached skill level 22 in Unarmed Combat
 62227 | Crypt:3  | Found a staircase to the Tomb.
 62678 | Crypt:3  | Reached XP level 24. HP: 59/245 MP: 32/32
 63083 | Crypt:3  | Found an ancient bone altar of Kikubaaqudgha.
 63239 | Crypt:3  | Reached skill level 15 in Shields
 63453 | Crypt:3  | Identified the staff of cold "Lunlaob" {rPois rC+}
 63679 | Crypt:3  | Found the +8 Vampire's Tooth {megavamp}
 64642 | Slime:1  | Entered Level 1 of the Pits of Slime
 64780 | Slime:2  | Gained mutation: You occasionally lose the ability to read
                  | scrolls when taking damage. [a shining eye]
 65919 | Slime:1  | Lost mutation: You occasionally lose the ability to read
                  | scrolls when taking damage. [potion of mutation]
 65919 | Slime:1  | Gained mutation: You are agile. (Dex +4, Str/Int -1)
                  | [potion of mutation]
 66095 | D:10     | Bought a potion of mutation for 104 gold pieces
 66095 | D:10     | Bought a potion of mutation for 104 gold pieces
 66095 | D:10     | Lost mutation: You are agile. (Dex +4, Str/Int -1) [potion
                  | of mutation]
 66095 | D:10     | Gained mutation: Your spells are a little harder to cast,
                  | but a little more powerful. [potion of mutation]
 66095 | D:10     | Gained mutation: You have large cloven feet. [potion of
                  | mutation]
 66263 | Slime:3  | Gained mutation: You occasionally lose the ability to read
                  | scrolls when taking damage. [a shining eye]
 66265 | Slime:3  | Gained mutation: You are weak. (Str -2) [a shining eye]
 66266 | Slime:3  | Gained mutation: You are frail. (-10% HP) [a shining eye]
 66345 | Slime:3  | Lost mutation: You have large cloven feet. [potion of
                  | mutation]
 66345 | Slime:3  | Lost mutation: You occasionally lose the ability to read
                  | scrolls when taking damage. [potion of mutation]
 66345 | Slime:3  | Lost mutation: Your spells are a little harder to cast, but
                  | a little more powerful. [potion of mutation]
 66345 | Slime:3  | Gained mutation: Your body sometimes deteriorates upon
                  | taking damage. [potion of mutation]
 66345 | Slime:3  | Gained mutation: You are partially covered in large bone
                  | plates. (SH +4) [potion of mutation]
 66728 | Slime:5  | Entered Level 5 of the Pits of Slime
 66754 | Slime:5  | Noticed the Royal Jelly
 66987 | Slime:5  | Killed the Royal Jelly
 67383 | Slime:5  | Reached skill level 5 in Translocations
 67441 | Slime:5  | Got Joogruys's Folio of Glamour
 67455 | Slime:5  | Got a slimy rune of Zot
 67458 | Slime:5  | Identified the +6 arbalest of Inquiry {freeze, rElec rC+}
 67588 | Slime:5  | Identified the +3 mace "Xeiro" {heavy, rCorr Int+4 Stlth-}
 68085 | Zot:1    | Entered Level 1 of the Realm of Zot
 68728 | Zot:1    | You fall into a shaft and drop 1 floor!
 68736 | Zot:2    | Noticed a Killer Klown
 68742 | Zot:2    | Killed a Killer Klown
 68878 | Zot:1    | Noticed Grunn
 68885 | Zot:1    | Killed Grunn
 68894 | Zot:1    | Reached skill level 23 in Unarmed Combat
 68974 | Zot:1    | Upgraded the game from 0.30-a0-1008-g30c9307041 to
                  | 0.30-a0-1016-gfb0d676c02
 69016 | Zot:1    | Reached XP level 25. HP: 230/230 MP: 27/32
 69182 | Zot:1    | Noticed an orb of fire
 69186 | Zot:1    | Gained mutation: You are very frail. (-20% HP) [an orb of
                  | fire]
 69188 | Zot:1    | Killed an orb of fire
 69956 | D:13     | Lost mutation: Your body sometimes deteriorates upon taking
                  | damage. [potion of mutation]
 69956 | D:13     | Lost mutation: You are partially covered in large bone
                  | plates. (SH +4) [potion of mutation]
 69956 | D:13     | Lost mutation: You are weak. (Str -2) [potion of mutation]
 69956 | D:13     | Gained mutation: Your magical capacity is low. (-10% MP)
                  | [potion of mutation]
 69956 | D:13     | Gained mutation: Your system is resistant to poisons.
                  | (rPois) [potion of mutation]
 69957 | D:13     | Lost mutation: You are very frail. (-20% HP) [potion of
                  | mutation]
 69957 | D:13     | Lost mutation: Your magical capacity is low. (-10% MP)
                  | [potion of mutation]
 69957 | D:13     | Gained mutation: You occasionally lose the ability to drink
                  | potions when taking damage. [potion of mutation]
 69957 | D:13     | Gained mutation: You have supernaturally acute eyesight.
                  | (SInv) [potion of mutation]
 69958 | D:13     | Lost mutation: Your system is resistant to poisons. (rPois)
                  | [potion of mutation]
 69958 | D:13     | Lost mutation: You occasionally lose the ability to drink
                  | potions when taking damage. [potion of mutation]
 69958 | D:13     | Gained mutation: You are agile. (Dex +4, Str/Int -1)
                  | [potion of mutation]
 69958 | D:13     | Gained mutation: You occasionally lose the ability to drink
                  | potions when taking damage. [potion of mutation]
 69958 | D:13     | Gained mutation: You have large cloven feet. [potion of
                  | mutation]
 69959 | D:13     | Lost mutation: You are frail. (-10% HP) [potion of
                  | mutation]
 69959 | D:13     | Lost mutation: You are agile. (Dex +4, Str/Int -1) [potion
                  | of mutation]
 69959 | D:13     | Gained mutation: Your flesh is cold resistant. (rC+)
                  | [potion of mutation]
 69959 | D:13     | Gained mutation: Your mind is acute. (Int +4, Str/Dex -1)
                  | [potion of mutation]
 70435 | Zot:3    | Found a transporter.
 70748 | Zot:3    | Found a transporter.
 71243 | Zot:4    | Noticed a Killer Klown
 71252 | Zot:3    | Killed a Killer Klown
 72308 | Zot:5    | Entered Level 5 of the Realm of Zot
 72331 | Zot:5    | Found a transporter.
 72333 | Zot:5    | Found a transporter.
 72340 | Zot:5    | Noticed a Killer Klown
 72340 | Zot:5    | a Killer Klown changed into a rockslime
 72362 | Zot:5    | Found a transporter.
 72366 | Zot:5    | Found a transporter.
 72427 | Zot:5    | Found a transporter.
 72429 | Zot:5    | Found a transporter.
 72828 | Zot:3    | Identified the +0 pair of boots of Sif Muna's Wrath {rN+
                  | Str+4 Int-3}
 72830 | Zot:3    | HP: 10/314 [tentacled monstrosity (11)]
 72830 | Zot:3    | HP: 1/314 [tentacled monstrosity (9)]
 72830 | Zot:3    | Constricted to death by a tentacled monstrosity

Illustrated notes

Levels and vault maps discovered:
D:1:      wheals_arrival_linesprint, layout_basic,
          ebering_ecumenical_altar_ruins, dk_noncrumbling_4
D:2:      layout_basic, basic_altar
D:3:      layout_basic, uniq_robin, uniq_sigmund, uniq_crazy_yiuf_cottage
D:4:      nicolae_cairo_tiling_large, layout_rooms, lemuel_tele_altar
D:5:      layout_layer_cave, grunt_temple_overflow_open,
          minmay_temple_entry_wispy, serial_undead, serial_undead_b,
          serial_undead_d, serial_undead_f, serial_undead_c, serial_undead_b,
          serial_undead_a
D:6:      layout_rooms, nicolae_stop_n_shop_1
D:7:      layout_cave_pools, grunt_temple_overflow_champion_of_chaos,
          nicolae_ossuary_entry_catacombs
D:8:      layout_basic, gammafunk_ghost_spectres, uniq_prince_ribbit1
D:9:      wad_river_or_something, layout_irregular_city, nicolae_shop_gadgets
D:10:     layout_cave_pools, david_lair_shrubbed, serial_shops, shop_statue,
          serial_rivers, chequers_serial_rivers_micro_c,
          chequers_serial_rivers_large_b, chequers_serial_rivers_micro_c,
          chequers_serial_rivers_room_b, gammafunk_ghost_ooze,
          nicolae_transmutations_shop, uniq_erolcha
D:11:     layout_long_grid, gammafunk_ghost_nasty_kobolds
D:12:     layout_small_grid, gauntlet_entry_generic
D:13:     layout_irregular_city, grunt_vaults_entry_fortified, serial_shops,
          nicolae_diamond_shop
D:14:     layout_gridville, dk_noncrumbling_3, minmay_sticks_and_stones
D:15:     hangedman_depths_entry_civil_slaughter, layout_grid_maze,
          okawaru_ov_weapons_minmay, portal_ice_cave_entry_frozen_things
Temple:   oiseaux_autumnal_temple
Lair:1:   layout_cave_shapes, uniq_gastronok, uniq_amaemon
Lair:2:   layout_roguey, grunt_megastairs_2, infiniplex_staircase_pool,
          lemuel_fruit_tree
Lair:3:   layout_chaotic_city, minmay_swamp_entry_worms,
          nicolae_spider_entry_tight_spaces, lemuel_centaur_altar
Lair:4:   layout_small_grid, grunt_megastairs_1, serial_bayou_shore_a
Lair:5:   due_jungle_book, layout_regular_city,
          minmay_slime_entry_oklob_enclosed, minivault_19,
          small_statue_intersection, grunt_megastairs_4, uniq_josephine
Swamp:1:  layout_falls_marsh, nicolae_swamp_round_clearing, uniq_frances,
          uniq_donald
Swamp:2:  layout_basic_swamp, lemuel_altar_in_water, swamp_pool1, uniq_jorgrun
Swamp:3:  layout_falls_marsh, evilmike_swamp_ruin_rubble_1, swamp_pool4
Swamp:4:  swamp_basic_johnstein, layout_basic_swamp, swamp_pool1
Spider:1: nicolae_spider_hilbert_zone_2 [nicolae_spider_hilbert_4_sides_1_open,
          nicolae_spider_hilbert_4_sides_1_open,
          nicolae_spider_hilbert_4_sides_1_open,
          nicolae_spider_hilbert_4_sides_1_open,
          nicolae_spider_hilbert_6_sides_1_open,
          nicolae_spider_hilbert_6_sides_1_open,
          nicolae_spider_hilbert_3_sides_1_open,
          nicolae_spider_hilbert_3_sides_1_open,
          nicolae_spider_hilbert_3_sides_1_open,
          nicolae_spider_hilbert_3_sides_1_open,
          nicolae_spider_hilbert_6_sides_1_open,
          nicolae_spider_hilbert_6_sides_1_open,
          nicolae_spider_hilbert_6_sides_1_open,
          nicolae_spider_hilbert_6_sides_1_open], uniq_nikola
Spider:2: layout_spider_delve, hangedman_spider_tarantella_strand,
          uniq_mlioglotl
Spider:3: layout_spider_delve, nicolae_arachne_temple
Spider:4: guppyfry_spider_rune, uniq_roxanne
Slime:1:  layout_caves
Slime:2:  layout_caves, nicolae_slime_round_cave
Slime:3:  layout_caves
Slime:4:  layout_caves, nicolae_slime_welcoming_committee
Slime:5
Orc:1:    nicolae_orc_accident_3, layout_caves, serial_shops, shop,
          nicolae_orc_tapped_out
Orc:2:    pf_orc_diabolical, layout_diamond_mine, serial_shops,
          nicolae_shop_advertising_works [nicolae_subvault_shop_adworks],
          uniq_urug, uniq_sonja
Elf:1:    eino_elf_arrival_sip, layout_loops_corners,
          portal_desolation_entry_garden, serial_shops, nicolae_shop_waterfront,
          kennysheep_underground_church, nicolae_wooded_promenade,
          minmay_misc_feat_alley, uniq_agnes, uniq_aizul
Elf:2:    nicolae_elf_blades_splatter_lattice [nicolae_blade_little_rooms],
          layout_loops_cross
Elf:3:    grunt_elf_hall_asides, layout_geoelf_diagonals, serial_shops,
          nicolae_shop_bloodbath_and_beyond, minivault_24, eino_tiny_chamber,
          drop_trap, minmay_the_grid_2x2 [minmay_the_grid_tiny_cups,
          minmay_the_grid_minigrid_large, minmay_the_grid_large_cup,
          minmay_the_grid_prize_diamond_cup]
Vaults:1: grunt_vaults_focal, v_rooms_3, nicolae_vaults_hallways_thing,
          nicolae_vaults_little_squares_6, v_misc_16, v_misc_3, v_misc_29,
          vaults_dpeg_hooks, ontoclasm_vaults_spin, vaults_dpeg_diagonal,
          nicolae_vaults_border_crossing, nicolae_vaults_what_the_h,
          vaults_room_pools, layout_vaults_ring
Vaults:2: nicolae_vaults_network_quinsquares
          [nicolae_vaults_network_quincunx_subvault,
          nicolae_vaults_network_quincunx_subvault,
          nicolae_vaults_network_quincunx_subvault,
          nicolae_vaults_network_quincunx_subvault], v_alt_pattern_1, st_eye,
          v_misc_23, ontoclasm_vaults_misaligned, v_misc_16,
          minmay_crypt_entry_necro_gods, vaults_room_fours,
          ontoclasm_vaults_eye, v_misc_27, grunt_vaults_hallway_short,
          vaults_mumra_minichess_inversion, nicolae_vaults_asterisk,
          nicolae_vaults_gold_heap, layout_vaults_omnicross, serial_shops, shop
Vaults:3: v_alt_pattern_3, vaults_mumra_bighexcomb, hangedman_vaults_stagger,
          grunt_vaults_diagonal, nicolae_vaults_little_squares_3,
          nicolae_vaults_three_branches, layout_vaults_big_room
Vaults:4: nicolae_vaults_ring_of_whatevers, grunt_vaults_hallway_short,
          v_misc_30, hangedman_vaults_unwind, nicolae_vaults_statue_guard,
          v_pattern_5, v_misc_33, dpeg_vaults_monster_row, v_misc_3,
          nicolae_vaults_little_squares_6, nicolae_vaults_specimen_jars,
          vaults_dpeg_ring, layout_vaults_quadrants, serial_shops,
          shop_fountains, uniq_bai_suzhen
Crypt:1:  layout_rooms, basic_altar
Crypt:2:  layout_misc_corridors, minivault_26, uniq_zenata
Crypt:3:  church_of_pain_bobbens, layout_chaotic_city,
          serial_sigils_hangedman_stare, eino_tiny_chamber
Depths:1: minmay_connected_boxes_in_corner, layout_cave_pools, serial_shops,
          nicolae_shop_behind_doors, hell_entry, chequers_serial_rivers_marsh,
          cheibrodos_ashenzari_chains, minmay_shop_star
Depths:2: minmay_quantized_circle, layout_gridlike, enter_ziggurat_b,
          abyss_entry, serial_shops, bzr_entry_dummy, grunt_hell_horde,
          grunt_pan_entry_zigzag, nicolae_sif_muna_condensation,
          kennysheep_windowed_goal, uniq_asterion
Depths:3: dreamdust_merry_men, layout_gridlike, abyss_entry, hell_entry,
          hangedman_abyss_or_decor_slice
Depths:4: evilmike_zot_entry_diamond, layout_gridville, hangedman_coc_ice_floe
Zot:1:    layout_basic, uniq_grunn
Zot:2:    layout_cellular_growth, zot_minivault_6
Zot:3:    gammafunk_sealed_arena, layout_basic
Zot:4:    layout_misc_corridors
Zot:5:    layout_cellular_growth, serial_nicolae_subway,
          nicolae_sub_station_crystal, nicolae_sub_station_metal,
          nicolae_sub_station_stone

Skill      XL: |  1  2  3  4  5  6  7  8  9 10 11 12 13 14 15 16 17 18 19 20 21 22 23 24 25 |
---------------+----------------------------------------------------------------------------+-----
Shields        | 3 4 5 6 7 8 9 10 11 12 13 14 16 | 16.6
Unarmed Combat | 4 5 6 8 10 11 13 14 16 17 18 21 22 23 | 23.8
Fighting       | 3 4 5 6 7 8 9 10 11 13 14 15 16 | 16.2
Dodging        | 3 5 6 7 8 9 |  9.9
Armour         | 2 4 6 |  6.1
Throwing       | 2 6 7 |  7.4
Evocations     | 4 5 |  5.5
Earth Magic    | 2 6 9 12 14 17 18 19 | 19.2
Transmutations | 2 5 7 10 12 13 14 | 14.7
Spellcasting   | 1 4 6 |  6.7
Translocations | 3 5 |  5.5

Action                     |  1- 3 |  4- 6 |  7- 9 | 10-12 | 13-15 | 16-18 | 19-21 | 22-24 | 25-27 || total
---------------------------+-------+-------+-------+-------+-------+-------+-------+-------+-------++-------
  Melee: Unarmed           |   119 |    96 |   393 |   526 |  1436 |  1876 |  1983 |  1515 |   265 ||  8209
         Staff             |       |       |       |       |       |       |       |   101 |       ||   101
         Kick              |       |       |       |       |       |       |       |    34 |    75 ||   109
  Throw: Large rock        |     3 |       |       |     1 |       |     5 |    16 |     8 |     6 ||    39
         Dart              |       |       |       |    18 |       |    95 |    13 |       |       ||   126
         Javelin           |       |       |       |       |       |     2 |     8 |       |       ||    10
   Cast: Statue Form       |       |       |       |       |       |       |       |   146 |    31 ||   177
         Blink             |       |       |       |       |       |       |       |       |     1 ||     1
 Invoke: Serpent's Lash    |       |       |       |     1 |     9 |    34 |    20 |    40 |     8 ||   112
         Heavenly Storm    |       |       |       |       |     1 |     1 |     4 |     3 |     1 ||    10
Ability: Lunge             |       |       |    20 |    36 |   110 |    96 |   120 |   123 |    12 ||   517
         Whirlwind         |       |       |    12 |    93 |   293 |   371 |   718 |   566 |    64 ||  2117
         Wall Jump         |       |       |       |       |       |     2 |     1 |       |       ||     3
  Evoke: Wand              |       |       |     1 |     2 |     5 |    14 |     3 |    13 |     1 ||    39
         Condenser vane    |       |       |       |     1 |       |       |       |     1 |       ||     2
         Lightning rod     |       |       |       |       |       |       |     1 |     1 |       ||     2
         Phantom mirror    |       |       |       |       |       |       |       |     1 |       ||     1
    Use: Scroll            |       |       |    12 |    10 |     9 |    13 |     5 |    12 |     3 ||    64
         Potion            |       |       |       |     2 |     5 |    10 |     4 |     9 |     8 ||    38
   Stab: Sleeping          |     1 |     1 |       |       |       |     6 |    13 |     3 |       ||    24
         Invisible         |       |       |       |       |     1 |     3 |       |     2 |       ||     6
         Distracted        |       |       |       |       |       |     2 |       |     2 |       ||     4
 Armour: Robe              |    50 |    13 |    69 |    12 |       |       |       |    10 |     6 ||   160
         Animal skin       |       |    13 |    81 |       |       |       |       |       |       ||    94
         Troll leather arm |       |       |       |    86 |   271 |    76 |       |       |       ||   433
         Shadow dragon sca |       |       |       |       |       |   986 |   663 |    17 |       ||  1666
         Skin              |       |       |       |       |       |       |       |   652 |   169 ||   821
  Dodge: Dodged            |    41 |    24 |   107 |   131 |   319 |   465 |   333 |   453 |   116 ||  1989
  Block: Kite shield       |    39 |    22 |   148 |   272 |   689 |  1326 |  1069 |   312 |       ||  3877
         Reflection        |       |       |       |     5 |    55 |    22 |    73 |    65 |     3 ||   223
         Other             |       |       |       |       |     3 |       |       |       |       ||     3
         Tower shield      |       |       |       |       |    86 |    46 |       |  1377 |   342 ||  1851

Table legend: (Time is in decaauts)
 A = Elapsed time spent in this place.
 B = Non-inter-level travel time spent in this place.
 C = Inter-level travel time spent in this place.
 D = Time resting spent in this place.
 E = Time spent auto-exploring this place.
 F = Levels seen in this place.
 G = Mean time per level.
                   A        B        C        D        E       F      G
               +--------+--------+--------+--------+--------+-----+--------+
         Total |  75916 |  66170 |   9746 |  13432 |  34008 |  61 | 1244.5 |
       Dungeon |  16548 |  13630 |   2918 |   1729 |   8467 |  15 | 1103.2 |
        Temple |    326 |    303 |     23 |      0 |    266 |   1 |  326.0 |
          Lair |   6371 |   5098 |   1273 |    660 |   3229 |   5 | 1274.2 |
         Swamp |   4079 |   3612 |    467 |    989 |   1553 |   4 | 1019.8 |
   Spider Nest |   7231 |   6551 |    680 |   1674 |   2995 |   4 | 1807.8 |
    Slime Pits |   3363 |   3210 |    153 |    442 |   1612 |   5 |  672.6 |
  Orcish Mines |   3818 |   2543 |   1275 |    767 |   1172 |   2 | 1909.0 |
   Elven Halls |   5956 |   5008 |    948 |   1623 |   1696 |   3 | 1985.3 |
        Vaults |   8241 |   7287 |    954 |   2089 |   3355 |   4 | 2060.2 |
         Crypt |   4090 |   3919 |    171 |    423 |   2150 |   3 | 1363.3 |
        Depths |   8079 |   7481 |    598 |   1761 |   3762 |   4 | 2019.8 |
           Zot |   5114 |   4834 |    280 |    589 |   2889 |   5 | 1022.8 |
         Abyss |      9 |      9 |      0 |      0 |      0 |   1 |    9.0 |
        Bazaar |    402 |    402 |      0 |      0 |    325 |   1 |  402.0 |
       Ossuary |    273 |    273 |      0 |      0 |    109 |   1 |  273.0 |
      Ice Cave |   1382 |   1382 |      0 |    583 |    270 |   1 | 1382.0 |
    Desolation |    151 |    151 |      0 |    100 |      0 |   1 |  151.0 |
      Gauntlet |    474 |    474 |      0 |      0 |    158 |   1 |  474.0 |
               +--------+--------+--------+--------+--------+-----+--------+

Top non-repeatable levels by time:
Vaults:2: 3046 daAuts
Depths:2: 2897 daAuts
   Orc:2: 2422 daAuts
   Elf:1: 2378 daAuts
   Elf:3: 2362 daAuts
Spider:1: 2230 daAuts
 Crypt:3: 2146 daAuts
Depths:1: 2005 daAuts
Spider:4: 1997 daAuts
  Lair:3: 1976 daAuts
Vaults:1: 1788 daAuts
   Zot:1: 1783 daAuts
Vaults:3: 1729 daAuts
    D:10: 1701 daAuts
Vaults:4: 1676 daAuts
